 Dungeon Crawl Stone Soup version 0.29.0-4-gdea44cf6ec (webtiles) character file.

Game seed: 16617672981488127650

861 qw the Cleaver (level 8, -4/48 HPs)
             Began as a Tengu Warper on Aug 28, 2022.
             Slain by a gnoll
             ... wielding a +0 spear
              (8 damage)
             ... on level 5 of the Dungeon.
             The game lasted 00:00:29 (3860 turns).

qw the Cleaver (Tengu Warper)                       Turns: 3860, Time: 00:00:29

Health: -4/48      AC: 12    Str: 19    XL:     8   Next: 2%
Magic:  12/12      EV:  9    Int: 15    God:
Gold:   224        SH:  0    Dex: 13    Spells: 11/11 levels left

rFire   + . .      SeeInvis .   Y - +0 hand axe
rCold   . . .      Faith    .   (no shield)
rNeg    + . .      Spirit   .   e - +0 chain mail
rPois   .          Reflect  .   (helmet restricted)
rElec   .          Harm     .   (no cloak)
rCorr   .          Rampage  .   g - +2 pair of gloves
Will    +....                   (boots unavailable)
Stlth   ..........              i - amulet of regeneration
HPRegen 0.96/turn               k - +6 ring of strength
MPRegen 0.13/turn               n - ring of Lugonu's Hatred {rF+ rN+ Will+}

@: flying quickly and evasively, quick
A: beak, talons 3, nimble flight
a: no special abilities


You were on level 5 of the Dungeon.
You visited 1 branch of the dungeon, and saw 5 of its levels.

You collected 224 gold pieces.


Innate Abilities, Weirdness & Mutations

You have a beak for a mouth.
You have claws for feet.
Your magical nature lets you fly swiftly and evasively.


   Skills:
 - Level 3.7 Fighting
 + Level 8.4 Axes
 - Level 1.0 Throwing
 - Level 3.5 Armour
 - Level 2.1 Dodging
 - Level 2.0 Spellcasting
 - Level 2.4 Translocations


You had 11 spell levels left.
You didn't know any spells.
Your spell library contained the following spells:

 Spells                   Type           Power      Damage    Failure   Level
 Blink                    Tloc           16%        N/A       82%         2
 Gell's Gravitas          Tloc           8%         N/A       96%         3
 Lesser Beckoning         Tloc           8%         N/A       96%         3
 Teleport Other           Tloc           8%         N/A       96%         3
 Manifold Assault         Tloc           8%         N/A       100%        5

Inventory:

Hand Weapons
 j - a +0 flail
 Y - a +0 hand axe (weapon)
Missiles
 b - 3 silver boomerangs (quivered)
Armour
 e - a +0 chain mail (worn)
 g - a +2 pair of gloves (worn)
Jewellery
 i - an amulet of regeneration (around neck)
 k - a +6 ring of strength (left hand)
 n - the ring of Lugonu's Hatred (right hand) {rF+ rN+ Will+}
   (You took it off a kobold on level 4 of the Dungeon)

   [ring of positive energy]

   rF:        It protects you from fire.
   rN:        It protects you from negative energy.
   Will:      It increases your willpower.
Scrolls
 a - a scroll of identify
 c - 3 scrolls of fog {unknown}
 l - a scroll of poison {unknown}
Potions
 d - 2 potions of curing
 f - a potion of lignification {unknown}
 h - a potion of might
 m - a potion of haste {unknown}

Dungeon Overview and Level Annotations

Branches:
Dungeon (5/15)
 Temple: D:4-7

Altars:
Gozag
Qazlal
Xom

Shops:
D:2 :


Message History

The adder bites you but does no damage.
The orc wizard mumbles some strange words.
The orc wizard flickers and vanishes!
Deactivating autopickup; reactivate with Ctrl-A.
The orc wizard hits you but does no damage.
The gnoll closely misses you.
The orc hits you from afar with a +0 trident.
You slash the orc wizard! Your kick misses the orc wizard.
The orc wizard is severely wounded.
You hit the adder but do no damage. You hit the gnoll but do no damage.
The adder bites you but does no damage. The orc barely misses you.
The orc wizard hits you but does no damage.
The gnoll hits you with a +0 spear. The adder bites you but does no damage.
You slash the orc wizard!
You kill the orc wizard!
You miss something. You barely miss the adder.
You hit the gnoll but do no damage. Something hits you.
The orc hits you from afar with a +0 trident.
The gnoll hits you but does no damage. The adder barely misses you.
You have reached level 8!
You feel clever.
You slash the gnoll!
The gnoll is severely wounded.
You miss something. You hit the adder. The adder barely misses you.
The orc barely misses you. The gnoll hits you but does no damage.
Something hits you.
You closely miss the gnoll. You peck the gnoll, but do no damage.
The gnoll is severely wounded.
You closely miss the adder. You hit something. The adder closely misses you.
You hear some strange, mumbled words.
A magic dart appears from out of thin air!
The magic dart hits you. The orc hits you but does no damage.
The gnoll closely misses you.
You barely miss the gnoll. You claw the gnoll. You peck the gnoll.
The gnoll is almost dead.
You closely miss something. You hit the adder.
The adder bites you but does no damage. Something hits you but does no damage.
The gnoll hits you with a +0 spear!
You die...

#.#.# .# #.#.#
#.#.## .#
#.#.#
######....##.#
#.#.#
#............#
#.#.#
#.####.......#
#.#.#
#.#.#..## #.#
#.#....# #.#
#.##...#
..##.@)# ##
#Sg{oo....
#...######
#...# #...#
)...# ....#
##....


You could see a gnoll, an adder and 2 orcs.

Vanquished Creatures
  Menkaure (D:4)
  A necrophage (D:5)
  A howler monkey (D:4)
  2 hounds (D:4)
  3 orc priests
  A jelly (D:4)
  Natasha (twice) (D:4)
  2 iguanas
  7 orc wizards
  5 gnolls
  3 adders
  4 worms
  2 dart slugs (D:1)
  8 orcs
  10 ball pythons
  7 endoplasms
  5 hobgoblins
  6 jackals
  5 quokkas
  6 bats
  4 frilled lizards
  15 goblins
  6 kobolds
  7 rats
113 creatures vanquished.

Notes
Turn   | Place    | Note
-------+----------+-------------------------------------------
     0 | D:1      | qw the Tengu Warper began the quest for the Orb.
     0 | D:1      | Reached XP level 1. HP: 12/12 MP: 4/4
     0 | D:1      | 0 ||| qw: Version: 0.1-a-89-g26bdef1
     0 | D:1      | 0 ||| qw: Game counter: 2710
     0 | D:1      | 0 ||| qw: Always use a shield: true
     0 | D:1      | 0 ||| qw: God list: Okawaru
     0 | D:1      | 0 ||| qw: Allow faded altars: false
     0 | D:1      | 0 ||| qw: Do Orc after D:15 true
     0 | D:1      | 0 ||| qw: Do second Lair branch before Depths: true
     0 | D:1      | 0 ||| qw: Lair rune preference: random
     0 | D:1      | 0 ||| qw: Plans: Normal
     0 | D:1      | 0 ||| PLANNING D:1-11
    54 | D:1      | 54 ||| Stepping ~*~*~tactically~*~*~ (stealth).
    66 | D:1      | 66 ||| Stepping ~*~*~tactically~*~*~ (hiding).
    71 | D:1      | 71 ||| Stepping ~*~*~tactically~*~*~ (hiding).
   191 | D:1      | Reached XP level 2. HP: 17/17 MP: 6/6
   192 | D:1      | Reached skill level 3 in Axes
   310 | D:1      | You fall into a shaft and drop 1 floor!
   390 | D:2      | 390 ||| UPGRADING to +0 ring mail.
   400 | D:2      | 400 ||| DROPPING +0 leather armour.
   401 | D:2      | 401 ||| UPGRADING to +2 pair of gloves.
   406 | D:2      | 406 ||| READING 3 scrolls labelled IRUHEYFOFAIV.
   407 | D:2      | 407 ||| DROPPING scroll of blinking.
   603 | D:1      | Reached XP level 3. HP: 18/21 MP: 7/7
   753 | D:1      | Found a faded altar of an unknown god.
  1051 | D:1      | 1051 ||| Stepping ~*~*~tactically~*~*~ (stealth).
  1054 | D:1      | 1054 ||| Stepping ~*~*~tactically~*~*~ (stealth).
  1072 | D:1      | Reached skill level 4 in Axes
  1193 | D:1      | 1193 ||| UPGRADING to +3 scale mail.
  1203 | D:1      | 1203 ||| DROPPING +0 ring mail.
  1204 | D:1      | 1204 ||| UPGRADING to amulet of regeneration.
  1209 | D:1      | 1209 ||| READING scroll labelled UMANIS BUCU.
  1219 | D:1      | 1219 ||| READING 4 scrolls of identify.
  1219 | D:1      | 1219 ||| IDENTIFYING ruby potion
  1220 | D:1      | 1220 ||| READING 3 scrolls of identify.
  1220 | D:1      | 1220 ||| IDENTIFYING metallic inky potion
  1234 | D:2      | 1234 ||| Stepping ~*~*~tactically~*~*~ (stealth).
  1235 | D:2      | 1235 ||| Stepping ~*~*~tactically~*~*~ (stealth).
  1283 | D:2      | Found Oluzut's Book Shoppe.
  1353 | D:2      | 1353 ||| Stepping ~*~*~tactically~*~*~ (stealth).
  1414 | D:2      | 1414 ||| Stepping ~*~*~tactically~*~*~ (stealth).
  1806 | D:2      | Reached XP level 4. HP: 26/26 MP: 8/8
  1861 | D:2      | 1861 ||| UPGRADING to +0 chain mail.
  1871 | D:2      | 1871 ||| DROPPING +3 scale mail.
  1872 | D:2      | 1872 ||| READING scroll labelled IMEDOHEZX LOEF.
  1873 | D:2      | 1873 ||| READING 2 scrolls of identify.
  1873 | D:2      | 1873 ||| IDENTIFYING sedimented green potion
  1960 | D:3      | HP: 4/26 [gnoll/+0 flail (11)]
  1961 | D:3      | 1961 ||| DRINKING potion of heal wounds.
  1964 | D:3      | Reached skill level 5 in Axes
  1975 | D:3      | 1975 ||| DROPPING +0 whip.
  1976 | D:3      | 1976 ||| DROPPING +0 club.
  2001 | D:3      | Found a stormy altar of Qazlal.
  2284 | D:3      | 2284 ||| Stepping ~*~*~tactically~*~*~ (stealth).
  2288 | D:3      | 2288 ||| Stepping ~*~*~tactically~*~*~ (stealth).
  2312 | D:3      | Gained mutation: Your magical nature lets you fly swiftly
                  | and evasively. [Tengu growth]
  2312 | D:3      | Reached XP level 5. HP: 8/30 MP: 9/9
  2312 | D:3      | HP: 5/30 [poisoned by an orc wizard]
  2313 | D:3      | 2313 ||| DRINKING potion of heal wounds.
  2596 | D:3      | 2596 ||| READING 2 scrolls of identify.
  2596 | D:3      | 2596 ||| IDENTIFYING fuming ruby potion
  2597 | D:3      | 2597 ||| DROPPING potion of invisibility.
  2608 | D:4      | Reached skill level 6 in Axes
  2625 | D:4      | 2625 ||| Stepping ~*~*~tactically~*~*~ (stealth).
  2667 | D:4      | Reached XP level 6. HP: 23/35 MP: 10/10
  2719 | D:4      | 2719 ||| Stepping ~*~*~tactically~*~*~ (stealth).
  2739 | D:4      | Noticed Natasha
  2746 | D:4      | Killed Natasha
  2753 | D:4      | Reached skill level 7 in Axes
  2777 | D:4      | Found a shimmering altar of Xom.
  3125 | D:4      | Noticed Menkaure
  3126 | D:4      | 3126 ||| Stepping ~*~*~tactically~*~*~ (hiding).
  3127 | D:4      | Found an opulent altar of Gozag.
  3130 | D:4      | HP: 9/36 [Menkaure (10)]
  3136 | D:4      | Killed Menkaure
  3137 | D:4      | Reached skill level 3 in Fighting
  3137 | D:4      | Reached XP level 7. HP: 17/42 MP: 11/11
  3268 | D:4      | 3268 ||| Stepping ~*~*~tactically~*~*~ (stealth).
  3269 | D:4      | 3269 ||| Stepping ~*~*~tactically~*~*~ (stealth).
  3274 | D:4      | 3274 ||| Stepping ~*~*~tactically~*~*~ (stealth).
  3287 | D:4      | Identified the ring of Lugonu's Hatred {rF+ rN+ Will+}
  3288 | D:4      | 3288 ||| Stepping ~*~*~tactically~*~*~ (stealth).
  3289 | D:4      | 3289 ||| Stepping ~*~*~tactically~*~*~ (stealth).
  3530 | D:4      | Noticed Natasha
  3535 | D:4      | Killed Natasha
  3603 | D:4      | 3603 ||| UPGRADING to +6 ring of strength.
  3604 | D:4      | 3604 ||| UPGRADING to ring of Lugonu's Hatred {rF+ rN+
                  | Will+}.
  3605 | D:4      | 3605 ||| READING scroll labelled ALALYR LEBB.
  3606 | D:4      | 3606 ||| DRINKING 2 white potions.
  3607 | D:4      | 3607 ||| READING 2 scrolls of identify.
  3607 | D:4      | 3607 ||| IDENTIFYING sedimented blue potion
  3608 | D:4      | 3608 ||| DROPPING potion of attraction.
  3609 | D:4      | 3609 ||| DROPPING potion of degeneration.
  3645 | D:5      | Entered Level 5 of the Dungeon
  3648 | D:5      | 3648 ||| Stepping ~*~*~tactically~*~*~ (stealth).
  3650 | D:5      | 3650 ||| Stepping ~*~*~tactically~*~*~ (hiding).
  3656 | D:5      | 3656 ||| Stepping ~*~*~tactically~*~*~ (hiding).
  3682 | D:5      | Reached skill level 8 in Axes
  3740 | D:5      | 3740 ||| Stepping ~*~*~tactically~*~*~ (hiding).
  3759 | D:5      | Reached skill level 3 in Armour
  3857 | D:5      | HP: 6/42 [orc/+0 trident (5)]
  3858 | D:5      | Reached XP level 8. HP: 7/48 MP: 12/12
  3860 | D:5      | Slain by a gnoll

Levels and vault maps discovered:
D:1:      elethiomel_arrival_infinity_welcomes_careful_drivers, layout_basic,
          basic_ecumenical_altar
D:2:      layout_loops_cross, serial_shops, shop, kennysheep_generic_room_9
D:3:      layout_basic, general_overflow_altar
D:4:      layout_basic, grunt_gozag_breadcrumbs,
          mainiacjoe_overflow_cross_hatched, uniq_natasha, uniq_menkaure
D:5:      old_forge, layout_loops_ring, uniq_duvessa, uniq_crazy_yiuf_cottage

Skill      XL: |  1  2  3  4  5  6  7 |
---------------+----------------------+-----
Axes           | 3 4 5 6 7 8 |  8.4
Armour         | 2 3 |  3.5
Fighting       | 3 |  3.7
Throwing       | |  1.0
Dodging        | |  2.1
Spellcasting   | |  2.0
Translocations | |  2.4

Action                   |  1- 3 |  4- 6 |  7- 9 || total
-------------------------+-------+-------+-------++-------
Melee: Hand axe          |   107 |   160 |    94 ||   361
       Peck              |    18 |    30 |    23 ||    71
       Kick              |    15 |    42 |    19 ||    76
       Punch             |       |     1 |       ||     1
Throw: Boomerang         |     7 |     4 |       ||    11
  Use: Scroll            |     4 |     3 |     2 ||     9
       Potion            |       |     2 |     1 ||     3
Armor: Ring mail         |    13 |       |       ||    13
       Leather armour    |     1 |       |       ||     1
       Scale mail        |    23 |     6 |       ||    29
       Chain mail        |       |    63 |    56 ||   119
Dodge: Dodged            |    30 |    48 |    31 ||   109

Table legend:
 A = Non-vault XP
 B = Vault XP
 C = Vault XP percentage of total XP
 D = Non-vault monster count
 E = Vault monster count
 F = Vault count percentage of total count
                 A         B        C        D         E       F
            +---------+---------+-------+---------+---------+-------
      Total |    1020 |     210 |  17.1 |     110 |       3 |   2.7
            +---------+---------+-------+---------+---------+-------
        D:1 |      46 |       0 |   0.0 |      26 |       0 |   0.0
        D:2 |      33 |       5 |  13.2 |      18 |       1 |   5.3
        D:3 |     153 |       0 |   0.0 |      30 |       0 |   0.0
        D:4 |     350 |     205 |  36.9 |      20 |       2 |   9.1
        D:5 |     438 |       0 |   0.0 |      16 |       0 |   0.0
            +---------+---------+-------+---------+---------+-------
